Kradschützen Motorcycle Team
Selects Armored Support Battlegroup
Construct Light Support Kompanie
Selects Superior Fire Drills
Panzerjäger Mechanized Group
Construct Panzerarmee Kommand
Pak 38 Anti-tank Gun Team
Selects Vehicle Awareness
Flak 36 Anti-tank Gun Team
Selects Flammpanzer III Medium Tank
Flammpanzer III Medium Tank
Selects Command Panzer IV F Medium Tank
Command Panzer IV F Medium Tank
Kradschützen Motorcycle Team